 Dungeon Crawl Stone Soup version 0.29-a0-838-g385bb11a5b (webtiles) character file.

Game seed: 9945408084826213238

12 SkeletonJelly the Ducker (level 2, -7/29 HPs)
             Began as an Ogre Gladiator on July 13, 2022.
             Mangled by a gnoll
             ... wielding a +0 flail
              (13 damage)
             ... on level 1 of the Dungeon.
             The game lasted 00:00:46 (399 turns).

SkeletonJelly the Ducker (Ogre Gladiator)            Turns: 399, Time: 00:00:47

Health: -7/29      AC:  3    Str: 17    XL:     2   Next: 33%
Magic:  2/2        EV: 10    Int:  9    God:
Gold:   0          SH:  0    Dex: 10    Spells: 1/1 levels left

rFire   . . .      SeeInvis .   a - +0 flail
rCold   . . .      Faith    .   (no shield)
rNeg    . . .      Spirit   .   b - +0 robe
rPois   .          Reflect  .   c - +0 hat
rElec   .          Harm     .   (no cloak)
rCorr   .          Rampage  .   (gloves unavailable)
Will    .....                   (boots unavailable)
Stlth   +.........              (no amulet)
HPRegen 0.09/turn               (no ring)
MPRegen 0.08/turn               (no ring)

@: no status effects
A: large, unfitting armour, tough skin 1
a: no special abilities


You were on level 1 of the Dungeon.
You visited 1 branch of the dungeon, and saw 2 of its levels.

Inventory:

Hand Weapons
 a - a +0 flail (weapon)
Missiles
 d - 3 throwing nets (quivered)
 e - a large rock
Armour
 b - a +0 robe (worn)
 c - a +0 hat (worn)
Scrolls
 f - a scroll of immolation {unknown}
Potions
 g - a potion of mutation {unknown}


   Skills:
 - Level 2.6 Fighting
 - Level 2.6 Maces & Flails
 - Level 2.0 Throwing
 + Level 3.3 Dodging


You had one spell level left.
You didn't know any spells.
Your spell library was empty.

Dungeon Overview and Level Annotations

Branches:
Dungeon (2/15)

Altars:


Innate Abilities, Weirdness & Mutations

You are too large for most types of armour.
You have tough skin. (AC +1)


Message History

No target in view!
No target in view!
Found a stone staircase leading down.
Health restored: 29 An endoplasm comes into view.
The endoplasm quivers.
The endoplasm moves out of view.
An endoplasm is nearby!
An endoplasm is nearby!
The endoplasm hits you but does no damage.
You sock the endoplasm!
You kill the endoplasm!
No target in view!
No target in view!
No target in view!
A gnoll comes into view. It is wielding a +0 flail.
The gnoll shouts!
A gnoll is nearby!
A gnoll is nearby!
A gnoll is nearby!
A gnoll is nearby!
A gnoll is nearby!
An endoplasm comes into view.
The endoplasm quivers.
A quokka comes into view.
Found a scroll labelled FEMARE MUANY and 29 gold pieces.
A bat comes into view.
A hobgoblin comes into view.
The bat moves out of view.
The hobgoblin shouts!
You hit the gnoll.
The gnoll is lightly wounded.
A rat comes into view.
The gnoll closely misses you. The gnoll barely misses you.
You hit the gnoll.
The gnoll is lightly wounded.
The gnoll hits you with a +0 flail!
You take 7 damage, and have 22/29 hp.
MASSIVE DAMAGE!!
You hit the gnoll but do no damage.
The gnoll is lightly wounded.
The bat hits you but does no damage. x2; The gnoll barely misses you.
The endoplasm hits you.
You take 3 damage, and have 19/29 hp.
You hit the gnoll.
The gnoll is lightly wounded.
The bat hits you but does no damage. The gnoll hits you with a +0 flail.
The endoplasm freezes you.
You are frozen.
You take 8 damage, and have 11/29 hp.
MASSIVE DAMAGE!!
The endoplasm freezes you.
You are frozen.
The bat hits you but does no damage.
You take 2 damage, and have 9/29 hp.
The bat attacks as you move away! The bat hits you but does no damage.
The bat barely misses you. The bat closely misses you. The bat hits you.
You take 1 damage, and have 9/29 hp.
The bat attacks as you move away! The bat barely misses you.
The bat closely misses you. The bat hits you but does no damage.
The bat attacks as you move away! The bat hits you.
* * * LOW HITPOINT WARNING * * *
The bat hits you but does no damage.
You take 1 damage, and have 8/29 hp.
The bat barely misses you.
There is a stone staircase leading down here.
You climb downwards.
The hobgoblin shouts!
You hear a shout!
Found an inky potion.
Found an escape hatch in the ceiling.
There is a stone staircase leading up here.
You thump the hobgoblin!
You kill the hobgoblin!
A goblin comes into view. It is wielding a +0 dagger.
The goblin unwields a +0 dagger.
The goblin wields a +0 sling.
The goblin shoots a sling bullet.
The sling bullet closely misses you.
There is a stone staircase leading up here.
There is a stone staircase leading up here.
The goblin shoots a sling bullet.
The sling bullet hits you.
* * * LOW HITPOINT WARNING * * *
You take 4 damage, and have 5/29 hp.
A quokka comes into view.
The goblin shoots a sling bullet.
The sling bullet hits you.
* * * LOW HITPOINT WARNING * * *
You take 3 damage, and have 2/29 hp.
The goblin shoots a sling bullet.
The sling bullet barely misses you.
There is an escape hatch in the ceiling here.
A mysterious force pulls you upwards. The hatch slams shut behind you.
A gnoll is nearby!
You regained 18 hp, and now have 20/29 hp.
The gnoll shouts!
You hear a shout!
A hobgoblin comes into view.
The hobgoblin shouts!
The gnoll hits you with a +0 flail!
You take 7 damage, and have 13/29 hp.
MASSIVE DAMAGE!!
You hit the gnoll.
The gnoll is lightly wounded.
The gnoll hits you with a +0 flail!
* * * LOW HITPOINT WARNING * * *
You take 7 damage, and have 6/29 hp.
MASSIVE DAMAGE!!
You hit the gnoll.
The gnoll is heavily wounded.
The gnoll hits you with a +0 flail!
You die...

#.##.##....#.#....†...#.
#######.##.##...###.#.........
#>...............#.##.........
#+#####.##.##.................
#.##.##......#.#........
#.##.####+#+##..........
#.##.. # ##........[ .
#.#######.#.# .......... ...
###......@g...#
....###.............#
.........########.....#
....................g..
....####......#........ ...
#..##..# ####. #..##..#
##.÷)÷## #...##


You could see a gnoll and a hobgoblin.

Vanquished Creatures
  A dart slug (D:1)
  2 endoplasms (D:1)
  A giant cockroach (D:1)
  A hobgoblin (D:2)
  2 ball pythons (D:1)
  A frilled lizard (D:1)
  2 rats (D:1)
10 creatures vanquished.

Notes
Turn   | Place    | Note
-------+----------+-------------------------------------------
     0 | D:1      | SkeletonJelly the Ogre Gladiator began the quest for the
                  | Orb.
     0 | D:1      | Reached XP level 1. HP: 22/22 MP: 1/1
    95 | D:1      | Reached skill level 3 in Dodging
   111 | D:1      | Reached XP level 2. HP: 29/29 MP: 2/2
   399 | D:1      | Mangled by a gnoll

Illustrated notes

Levels and vault maps discovered:
D:1:      amcnicky_arrival_wind_blow, layout_basic, serial_shops, shop,
          hangedman_decor_opposing, minmay_tripent
D:2:      layout_rooms, chequers_jeans

Skill      XL: |  1 |
---------------+----+-----
Dodging        | 3 |  3.3
Fighting       | |  2.6
Maces & Flails | |  2.6
Throwing       | |  2.0

Action                   || total
-------------------------++-------
Melee: Flail             ||    24
Armor: Robe              ||    15
Dodge: Dodged            ||    18

Table legend: (Time is in decaauts)
 A = Elapsed time spent in this place.
 B = Non-inter-level travel time spent in this place.
 C = Inter-level travel time spent in this place.
 D = Time resting spent in this place.
 E = Time spent auto-exploring this place.
 F = Levels seen in this place.
 G = Mean time per level.
                   A        B        C        D        E       F      G
               +--------+--------+--------+--------+--------+-----+--------+
         Total |    404 |    404 |      0 |      0 |    315 |   2 |  202.0 |
       Dungeon |    404 |    404 |      0 |      0 |    315 |   2 |  202.0 |
               +--------+--------+--------+--------+--------+-----+--------+

Top non-repeatable levels by time:
     D:1: 393 daAuts
     D:2: 10 daAuts
